[Event "Early-Titled-Tuesday-Blitz-February-20-2024"]
[Site "Chess.com"]
[Date "2024.02.20"]
[Round "9"]
[White "BilodeauA"]
[Black "A-Fier"]
[Result "0-1"]
[WhiteElo "3025"]
[BlackElo "2855"]
[TimeControl "180+1"]
[EndTime "9:47:57 PST"]
[Termination "A-Fier won on time"]

1. e4 Nf6 2. e5 Nd5 3. d4 d6 4.
Nf3 g6 5. Bc4 Nb6 6. Bb3 Bg7 7.
Ng5 e6 8. Qf3 Qe7 9. Ne4 dxe5 10. Bg5 Qb4+ 11. c3 Qa5 12. Bf6 O-O 13. Bxg7 Kxg7 14. Qf6+ Kg8 15. Qxe5 Qxe5 16. dxe5 a5 17.
a4 Bd7 18. f4 Bc6 19. Nf6+ Kg7 20. Kf2 N8d7 21. Nxd7 Nxd7 22. Bc2 f6 23. exf6+ Rxf6 24. Kg3 Raf8 25. Nd2 Rxf4 26. Rhf1 Rxf1 27. Nxf1 Nc5 28. Ne3 Be4 29. b4 Bxc2 30. bxc5 Be4 31. Rd1 Bc6 32. Nc4 Rf5 33. Nxa5 Rxc5 34. Nxc6 Rxc3+ 35. Kf2 Rxc6 36. Rd7+ Kh6 37. h4 b6 38. g4 Rc3 39.
Re7 Rh3 40. g5+ Kh5 41. Rxh7+ Kg4 42. Rxc7 Rxh4 43. Rc6 Kf5 44. Rxb6 Rxa4 45. Kf3 Rf4+ 46. Ke3 Rg4 47. Rb5+ e5 48. Rb8 Rg3+ 49. Kf2 Rxg5 50. Rf8+ Ke4 51. Ra8 Kf4 52. Rf8+ Rf5 53. Ra8 e4 54.
Kg2 Rd5 55. Kf2 Rd2+ 56. Ke1 Rb2 57. Rg8 Ke3 58. Kf1 Rb1+ 59. Kg2 Rb6 60. Ra8 Rd6 61. Kg3 g5 62. Ra5 Rd1 63. Kg2 g4 64. Ra8 Ke2 65. Ra4 e3 66. Ra2+ Rd2 67. Ra1 Rd1 68.
Ra2+ Ke1 69. Kg3 e2 70. Kxg4 Kf1 0-1

[Event "Early-Titled-Tuesday-Blitz-February-20-2024"]
[Site "Chess.com"]
[Date "2024.02.20"]
[Round "9"]
[White "le-castor-faineant"]
[Black "m_ezat"]
[Result "0-1"]
[WhiteElo "2282"]
[BlackElo "2509"]
[TimeControl "180+1"]
[EndTime "9:47:57 PST"]
[Termination "m_ezat won by resignation"]

1. e4 c6 2. d4 d5 3. Nc3 dxe4 4. Nxe4 Nd7 5. Nf3 Ngf6 6. Bd3 Nxe4 7. Bxe4 Nf6 8. Bd3 Bg4 9. c3 e6 10. h3 Bh5 11.
O-O Bd6 12. Bg5 h6 13. Be3 Bxf3 14. Qxf3 Qc7 15. b4 Nd5 16. Bd2 Bf4 17. Bxf4 Qxf4 18. Qxf4 Nxf4 19. Bc4 b5 20. Bb3 Ne2+ 21. Kh2 Nxc3 22.
Rac1 Ne2 23. Rxc6 Nxd4 24. Rc5 Nxb3 25. axb3 a6 26. Rd1 O-O 27. Rc6 Rfd8 28. Rxd8+ Rxd8 29. Rxa6 Rd4 30. Rc6 Rxb4 31. Rc3 f5 32. Kg3 Kf7 33.
f3 Kf6 34. Kf2 Rd4 35. Rc5 Rb4 36. Rc3 f4 37. Ke2 Kf5 38. Rc5+ e5 39. Rc3 g5 40. Kf2 h5 41. Ke2 g4 42. hxg4+ hxg4 43. fxg4+ Kxg4 44. Kf2 e4 45. Rc8 Rxb3 46. Rg8+ Kf5 47. Rf8+ Ke5 48.
Re8+ Kd5 49. Rf8 Rb2+ 50. Kf1 Ke5 51. Re8+ Kd4 52. Ra8 b4 53. Ra4 Ke3 54. Ra1 Rf2+ 55. Kg1 b3 56. Rb1 b2 57. Kh1 Rc2 58. Kh2 f3 59. Re1+ Kf4 60. Rb1 Rxg2+ 61. Kh1 Rc2 0-1

[Event "Early-Titled-Tuesday-Blitz-February-20-2024"]
[Site "Chess.com"]
[Date "2024.02.20"]
[Round "9"]
[White "xamax2000"]
[Black "ChessLover0108"]
[Result "1-0"]
[WhiteElo "2904"]
[BlackElo "2966"]
[TimeControl "180+1"]
[EndTime "9:48:00 PST"]
[Termination "xamax2000 won on time"]

1. Nf3 Nf6 2. c4 e6 3. g3 d5 4. Bg2 dxc4 5. Qa4+ c6 6. Qxc4 b5 7. Qb3 Bb7 8. O-O Nbd7 9. d4 a6 10. a4 Be7 11. Bg5 O-O 12. Nbd2 Qb6 13. Ne4 c5 14. dxc5 Nxc5 15. Nxc5 Qxc5 16. Rfc1 Qd5 17. Qxd5 Bxd5 18. Ne5 Bxg2 19. Kxg2 h6 20. Nc6 hxg5 21. Nxe7+ Kh7 22.
Rc5 Rfe8 23. Nc6 Rac8 24. axb5 axb5 25. Rac1 Rc7 26. Rxb5 Rec8 27. Rbc5 Nd5 28. R5c4 Rb7 29. Ne5 Rxc4 30. Rxc4 f6 31. Nd3 e5 32. Kf3 Kg6 33. Ke4 Ne7 34. b4 Rb6 35. Rc5 Nf5 36.
e3 Ne7 37. b5 Kf7 38. Nb4 Ke6 39. Kd3 Nf5 40. Nd5 Rd6 41. e4 Nd4 42. b6 Rd7 43.
Rc7 Nb5 44. Rc6+ Kf7 45. f3 g4 46. fxg4 Nd4 47. Rc7 Ke6 48. Rxd7 Kxd7 49. b7 Nc6 50. h4 Kd8 51. h5 Kd7 52. Nxf6+ gxf6 53. h6 Kc7 54. h7 1-0

[Event "Early-Titled-Tuesday-Blitz-February-20-2024"]
[Site "Chess.com"]
[Date "2024.02.20"]
[Round "9"]
[White "Leonid_Starozhilov"]
[Black "alexrustemov"]
[Result "0-1"]
[WhiteElo "2680"]
[BlackElo "2895"]
[TimeControl "180+1"]
[EndTime "9:48:01 PST"]
[Termination "alexrustemov won by resignation"]

1. e4 e6 2. d3 c5 3. Nf3 Nc6 4. Be2 g6 5. c3 d5 6. O-O Bg7 7. a3 Nge7 8. Nbd2 O-O 9. Qc2 h6 10. Re1 b6 11. Nf1 Qc7 12. Ng3 Bb7 13. h4 Rad8 14. Bd2 dxe4 15. dxe4 Ne5 16. Rad1 N7c6 17. Nxe5 Qxe5 18. Qc1 Kh7 19. f4 Qf6 20. e5 Qxh4 21. Nf1 g5 22. Bf3 Rd7 23. Be3 Rxd1 24. Rxd1 Rd8 25.
Rxd8 Nxd8 26. g3 Qh3 27. Bxb7 Nxb7 28. Qc2+ Qf5 29. Qg2 Na5 30. Nd2 Qd3 31. Qe4+ Qxe4 32. Nxe4 Nc4 33. Bc1 gxf4 34. gxf4 Kg6 35. b3 Na5 36.
Nd6 Nxb3 37. Be3 Na5 38. Kg2 f6 39. exf6 Bxf6 40. Bd2 Be7 41. Nb5 Nc6 42. Kf3 Kf5 43. Nc7 h5 44. Be1 h4 45. Ne8 h3 46. Kg3 h2 47.
Kxh2 Kxf4 48. Kg2 Ke3 49. Ng7 e5 50. Nf5+ Kd3 51. Kf3 e4+ 52. Kf4 Bf6 53. c4 Be5+ 54.
Kg4 Kxc4 0-1

[Event "Early-Titled-Tuesday-Blitz-February-20-2024"]
[Site "Chess.com"]
[Date "2024.02.20"]
[Round "9"]
[White "sewlins"]
[Black "pr1105"]
[Result "1-0"]
[WhiteElo "2149"]
[BlackElo "2356"]
[TimeControl "180+1"]
[EndTime "9:48:01 PST"]
[Termination "sewlins won on time"]

1. e4 e5 2. Nf3 Nc6 3. Bb5 Nf6 4. O-O Nxe4 5. Re1 Nd6 6. Nxe5 Be7 7. Bf1 O-O 8. d4 Nf5 9. c3 Nxe5 10. Rxe5 d5 11. Bd3 g6 12. Qf3 c6 13. Nd2 Bd6 14. Re1 Re8 15. Rxe8+ Qxe8 16. Nf1 Nh4 17. Qf6 Be7 18. Qf4 Bf5 19. Be2 Be6 20. Ng3 Nf5 21. Bd2 Ng7 22.
Re1 Qd7 23. h3 Re8 24. Bd3 a5 25. Qf3 h5 26. Bf4 h4 27. Nf1 Nh5 28. Be5 Bf5 29. Bxf5 Qxf5 30. Qxf5 gxf5 31. Ne3 f6 32. Bc7 Bf8 33. Kf1 Ng7 34. Bxa5 Ra8 35. b4 b6 36. Bxb6 Rxa2 37. b5 f4 38. bxc6 fxe3 39. c7 Ra8 40.
Rxe3 Rc8 41. c4 dxc4 42. Rc3 Ne6 43. Rxc4 Kf7 44. d5 Nxc7 45. Rxc7+ Rxc7 46. Bxc7 Ke8 47. Ke2 Kd7 48. Bf4 Be7 49. Kf3 Bd8 50. Kg4 1-0

[Event "Early-Titled-Tuesday-Blitz-February-20-2024"]
[Site "Chess.com"]
[Date "2024.02.20"]
[Round "9"]
[White "JoliyRoger"]
[Black "DarZay"]
[Result "1-0"]
[WhiteElo "2514"]
[BlackElo "2305"]
[TimeControl "180+1"]
[EndTime "9:48:02 PST"]
[Termination "JoliyRoger won by checkmate"]

1. d4 d5 2. c4 e6 3. Nc3 Be7 4. Nf3 Nf6 5. e3 O-O 6. b3 Ne4 7. Nxe4 dxe4 8. Nd2 f5 9. Be2 c5 10. Bb2 Nc6 11. dxc5 Bxc5 12. O-O a5 13. Nb1 e5 14.
Nc3 Be6 15. Nd5 f4 16. Bg4 Qd7 17. Bxe6+ Qxe6 18. Nc7 Qg6 19. Nxa8 f3 20. g3 Qf5 21. Qd5+ Rf7 22. Kh1 Qh3 23. Rg1 Bxe3 24. Raf1 Bd4 25. Bxd4 Nxd4 26. Qxe4 Ne2 27. Nb6 Rf6 28. Qd5+ Re6 29.
Nd7 Kh8 30. Qxf3 Nf4 31. Rg2 Rh6 32. Nc5 g5 33. Qxb7 Nxg2 34. Qxg2 Qg4 35. Ne4 Ra6 36. f3 Qf5 37. Qd2 h6 38. Qd8+ Kg7 39. Qd2 Ra7 40.
g4 Qe6 41. Rd1 Rf7 42. Kg2 Qb6 43. Qe2 Qb4 44. Ng3 Kg6 45. Nf5 Qc3 46. Rd6+ Kh7 47. Rxh6+ Kg8 48. Rg6+ Kf8 49. Re6 Qc1 50. Rxe5 Rd7 51.
Re8+ Kf7 52. Qe6# 1-0

[Event "Early-Titled-Tuesday-Blitz-February-20-2024"]
[Site "Chess.com"]
[Date "2024.02.20"]
[Round "9"]
[White "MasterKroket"]
[Black "Larina_Maria"]
[Result "1-0"]
[WhiteElo "2501"]
[BlackElo "2280"]
[TimeControl "180+1"]
[EndTime "9:48:02 PST"]
[Termination "MasterKroket won by resignation"]

1. e4 c6 2. d4 d5 3. e5 Bf5 4. Nf3 e6 5. Be2 Ne7 6. Nbd2 c5 7. dxc5 Nec6 8. c4 Bxc5 9. cxd5 Qxd5 10. Nc4 Qxd1+ 11.
Bxd1 Ke7 12. a3 b5 13. Be3 Bxe3 14. Nxe3 Be4 15. Nd2 Bg6 16. f4 Nd4 17. Nb3 Nbc6 18.
Rc1 Rac8 19. Nc5 f6 20. exf6+ gxf6 21. O-O Rhd8 22. Bg4 h5 23. Bd1 Nf5 24. Nxf5+ Bxf5 25. Bxh5 Rd2 26. Rfd1 Rcd8 27. Rxd2 Rxd2 28. Bf3 Nd4 29. b3 Nxf3+ 30. gxf3 Bh3 31. Ne4 Rg2+ 32. Kh1 Rb2 33.
b4 Bg2+ 34. Kg1 Bxf3 35. Ng3 Rg2+ 36. Kf1 Rxh2 37. Rc7+ Kd6 38. Rxa7 Ra2 39. Ra5 Bc6 40. Ne2 Rd2 41. Ke1 Rd3 42. Ra6 Kc7 43. Nc1 Re3+ 44. Kd2 Rf3 45. Nd3 Kb7 46. Nc5+ Kc7 47. Nxe6+ Kd6 48.
Rxc6+ Kxc6 49. Nd4+ Kd5 50. Nxf3 Ke4 51. Ne1 Kxf4 52.
Kd3 Ke5 53. Nf3+ Kd5 54. Nd4 f5 55. Nxb5 f4 56. Nc3+ 1-0

[Event "Early-Titled-Tuesday-Blitz-February-20-2024"]
[Site "Chess.com"]
[Date "2024.02.20"]
[Round "9"]
[White "Hikaru"]
[Black "mbojan"]
[Result "1-0"]
[WhiteElo "3257"]
[BlackElo "2878"]
[TimeControl "180+1"]
[EndTime "9:48:03 PST"]
[Termination "Hikaru won on time"]

1. h3 e5 2. c4 g6 3. g3 Bg7 4. Bg2 d6 5. Nc3 Nc6 6. e3 Nf6 7. Nge2 O-O 8. d4 Bd7 9. O-O Re8 10. b3 exd4 11. exd4 Bf5 12. g4 Bd7 13. d5 Ne7 14.
Bf4 h5 15. f3 Nh7 16. Qd2 Kh8 17. Be3 Ng8 18. Bd4 Bxd4+ 19. Nxd4 Qf6 20. Ne4 Qg7 21.
Rae1 Ngf6 22. Nf2 Rxe1 23. Rxe1 Re8 24. Rxe8+ Nxe8 25. g5 h4 26. f4 f6 27. Nf3 fxg5 28. fxg5 Qa1+ 29. Kh2 Ng7 30. Nxh4 Qe5+ 31. Kg1 Qxg5 32.
Qxg5 Nxg5 33. Nxg6+ Kg8 34. h4 Nh7 35. Be4 Nf6 36.
Bd3 Kf7 37. Nf4 Bf5 38. Kg2 Bxd3 39. N2xd3 Nf5 40. Kh3 c6 41. dxc6 bxc6 42. c5 a5 43. cxd6 Nxd6 44. Ne5+ Kg7 45. Nxc6 Nfe4 46. Nxa5 Nc3 47. a4 Kf6 48. Nc6 Kf5 49. Nd3 Ke4 50. Ndb4 Kf3 51. a5 Nce4 52. a6 Nf2+ 53. Kh2 Nb5 54.
h5 Nc7 55. a7 Kf4 56. Nd5+ Nxd5 57. a8=Q Ng4+ 58. Kg1 Nc3 59. Nd4 Ne3 60. Qf3+ 1-0

[Event "Early-Titled-Tuesday-Blitz-February-20-2024"]
[Site "Chess.com"]
[Date "2024.02.20"]
[Round "9"]
[White "vovachesss"]
[Black "Iskusnyh"]
[Result "1/2-1/2"]
[WhiteElo "2802"]
[BlackElo "2678"]
[TimeControl "180+1"]
[EndTime "9:48:03 PST"]
[Termination "Game drawn by agreement"]

1. e4 e6 2. d4 d5 3. Nc3 Nf6 4. Bg5 dxe4 5. Nxe4 Nbd7 6. Nf3 h6 7. Bxf6 Nxf6 8. Bd3 Nxe4 9. Bxe4 c5 10. Qe2 Qa5+ 11. c3 Be7 12. O-O O-O 13. Rfd1 cxd4 14. Nxd4 Bf6 15.
Rd2 Rd8 16. Nb3 Rxd2 17. Qxd2 Qc7 18. Rd1 Bd7 19. g3 Rd8 20. Qe3 b6 21. Rd3 Bb5 22. Rxd8+ Qxd8 23. Bf3 Bc4 24. h4 a5 25. Kg2 a4 26. Nc1 g5 27. b3 Bb5 28. c4 Be8 29. h5 Qd4 30. Qxd4 Bxd4 31. Ne2 Be5 32. g4 f5 33. Ng3 Bd7 34. Bb7 Kf7 35. gxf5 exf5 36.
Bd5+ Kf6 37. Ne2 Be8 38. f4 gxf4 39. Bf3 a3 40. Nc1 Bd4 41. Nd3 Be3 42. b4 Bf7 43. c5 bxc5 44. bxc5 Bxa2 45. c6 Be6 46. Nb4 a2 47.
Nxa2 Bxa2 48. c7 Be6 49. Bb7 Kg5 50. c8=Q Bxc8 51. Bxc8 Kxh5 52. Bxf5 Kg5 53. Be4 h5 54. Kh1 Kg4 55. Bd5 Kg3 56. Be4 h4 57. Bd5 1/2-1/2

[Event "Early-Titled-Tuesday-Blitz-February-20-2024"]
[Site "Chess.com"]
[Date "2024.02.20"]
[Round "9"]
[White "ExtremeLearner"]
[Black "CSB7"]
[Result "0-1"]
[WhiteElo "2580"]
[BlackElo "2762"]
[TimeControl "180+1"]
[EndTime "9:48:04 PST"]
[Termination "CSB7 won by resignation"]

1. d4 d5 2. c4 e6 3. Nf3 Nf6 4. g3 dxc4 5. Bg2 b5 6. Ne5 Nd5 7.
Nc3 c6 8. a4 f6 9. Nf3 b4 10. Ne4 Nd7 11. O-O Ba6 12. h4 Be7 13. h5 Rc8 14. h6 g6 15. Bh3 Kf7 16. g4 Re8 17. Ng3 c3 18. e4 cxb2 19. Bxb2 Nf4 20.
Kh2 Nxh3 21. Kxh3 c5 22. Re1 c4 23. Bc1 c3 24. Bf4 Kg8 25. Qb3 Bc4 26. Qc2 a5 27. d5 e5 28. Be3 Bc5 29. Rg1 Bxe3 30. fxe3 Nc5 31. Nf5 Bd3 32. Qf2 Bxe4 33. N3h4 Nd3 34. Qf1 Qxd5 35. Ng7 Qd6 36. g5 f5 37. Nh5 Rf8 38.
Nf6+ Rxf6 39. gxf6 Qxf6 40. Ra2 c2 41. Qe2 c1=Q 42. Rxc1 Rxc1 43. Rc2 Rh1+ 44. Qh2 Rxh2+ 45. Rxh2 b3 46. Rd2 b2 47. Rc2 Qxh4+ 48. Kxh4 b1=Q 49.
Rc8+ Kf7 50. Rc7+ Ke6 51. Rxh7 Qh1+ 52. Kg3 Qg2+ 0-1

[Event "Early-Titled-Tuesday-Blitz-February-20-2024"]
[Site "Chess.com"]
[Date "2024.02.20"]
[Round "9"]
[White "Aygehovit1992"]
[Black "TokChess"]
[Result "0-1"]
[WhiteElo "2668"]
[BlackElo "2563"]
[TimeControl "180+1"]
[EndTime "9:48:09 PST"]
[Termination "TokChess won on time"]

1. e4 c5 2. Nf3 e6 3. d4 cxd4 4. Nxd4 a6 5. Nc3 b5 6. Bd3 Qb6 7. Nb3 Qc7 8. O-O Bb7 9. Re1 Be7 10. a4 b4 11. Ne2 Nf6 12. Ng3 Nc6 13. a5 O-O 14. Be3 Rac8 15. Bb6 Qb8 16. Qe2 Ne5 17.
Bxa6 Bxa6 18. Qxa6 Rxc2 19. Re2 Rc6 20. Nd4 Rcc8 21.
b3 h5 22. h3 h4 23. Nf1 Rc3 24. Qa7 Qxa7 25. Bxa7 Ra8 26. Bb6 d6 27. Nb5 Rxb3 28. Nc7 Rc8 29. a6 Nfd7 30. Ba5 Nc6 31. Rc2 Nc5 32. Bb6 Ra3 33. Rca2 Bd8 34. Bxc5 dxc5 35.
Nb5 Rxa2 36. Rxa2 Ra8 37. Nd2 Bf6 38. Kf1 Bc3 39. Nc4 b3 40. Ra3 b2 41. Rb3 Bb4 42. Nxb2 Rxa6 43. Nc4 Ra1+ 44. Ke2 Rc1 45. Ne3 Ra1 46.
Nd6 Ra2+ 47. Kf3 Nd4+ 48. Kg4 Nxb3 49. e5 Nd4 50. f4 Bd2 51. Nec4 Nf5 52. Nxf5 exf5+ 53. Kxf5 g6+ 54. Ke4 Bc1 0-1

[Event "Early-Titled-Tuesday-Blitz-February-20-2024"]
[Site "Chess.com"]
[Date "2024.02.20"]
[Round "9"]
[White "klimkoj"]
[Black "ChessQueen"]
[Result "1-0"]
[WhiteElo "2874"]
[BlackElo "2739"]
[TimeControl "180+1"]
[EndTime "9:48:11 PST"]
[Termination "klimkoj won by checkmate"]

1. d4 f5 2. Nf3 Nf6 3. g3 g6 4.
Bg2 Bg7 5. O-O O-O 6. c4 d6 7. Nc3 a5 8. d5 Na6 9. Re1 Nc5 10.
Nd4 Bd7 11. b3 Qe8 12. Ba3 Nce4 13. Nxe4 Nxe4 14. Rc1 c5 15. Ne6 Bxe6 16. dxe6 b5 17. cxb5 Qxb5 18. Qd3 Rab8 19. Bxe4 fxe4 20. Qxe4 Rf5 21.
Qg4 Rbf8 22. f3 Bd4+ 23. e3 Bg7 24. f4 Qd3 25. e4 Bd4+ 26. Kg2 R5f6 27. h4 h5 28. Qe2 Qxe2+ 29. Rxe2 Rxe6 30. Rcc2 Rb8 31. Kf3 Kf7 32. Rc4 Rb5 33. Ra4 Rf6 34. Bc1 Bc3 35. Rc4 Bd4 36. Bd2 e5 37. Ra4 Ke6 38. Rxa5 Rxa5 39.
Bxa5 Rf8 40. Bd2 Ra8 41. Be3 Ra3 42. Rc2 exf4 43. gxf4 Bf6 44. Rg2 Kf7 45. e5 dxe5 46. fxe5 Bxh4 47. Bxc5 Ra6 48. Ke4 Bd8 49. Kd5 h4 50. Rf2+ Kg7 51. e6 Ra5 52. b4 Ra3 53.
e7 Bxe7 54. Bxe7 h3 55. Bd6 g5 56. b5 Rd3+ 57. Kc6 g4 58. b6 Rxd6+ 59. Kxd6 g3 60.
Rf3 g2 61. Rg3+ Kf7 62. b7 h2 63. b8=Q h1=Q 64. Qc7+ Kf6 65. Qg7+ Kf5 66. Rf3+ Ke4 67. Qg4# 1-0

[Event "Early-Titled-Tuesday-Blitz-February-20-2024"]
[Site "Chess.com"]
[Date "2024.02.20"]
[Round "9"]
[White "Kotofeyca"]
[Black "ninguno46"]
[Result "0-1"]
[WhiteElo "2410"]
[BlackElo "2550"]
[TimeControl "180+1"]
[EndTime "9:48:13 PST"]
[Termination "ninguno46 won on time"]

1. d4 Nf6 2. c4 e6 3. Nf3 Bb4+ 4. Nbd2 b6 5. a3 Bxd2+ 6. Bxd2 h6 7. Bf4 Bb7 8. e3 d6 9. Be2 Nbd7 10. b4 Qe7 11. O-O O-O 12. Bg3 Rfd8 13. Qc2 Be4 14. Qc3 Bb7 15. Rfd1 Ne4 16. Qc2 Nxg3 17. hxg3 Nf6 18. c5 Be4 19. cxd6 cxd6 20. Qa4 Nd5 21. Rdc1 Rdc8 22. Nd2 Bg6 23. Qb3 Qd7 24. Ba6 Rxc1+ 25. Rxc1 Nc7 26. Bb7 Rb8 27. Bc6 Qe7 28. b5 Ne8 29.
Bxe8 Rxe8 30. Qc3 e5 31. d5 Bf5 32. Qc7 Bd3 33. a4 e4 34. Qxe7 Rxe7 35. Rc6 Rd7 36.
Nb3 g6 37. Nd4 Kg7 38. Rc8 Kf6 39. f4 exf3 40. Nxf3 Be4 41. Kf2 Bxd5 42. Nd4 Bb7 43. Rh8 Rc7 44. Rxh6 Rc4 45. Rh8 Rxa4 46. Rb8 Ra2+ 47.
Ke1 Bxg2 48. Rd8 Ke7 49. Rb8 Be4 50. Nc6+ Kf6 51. Rb7 Bd3 52. Nxa7 Re2+ 53. Kd1 Rxe3 54. Rxb6 Rxg3 55. Kd2 Be4 56. Rxd6+ Kg5 57. b6 f5 58. Nc6 Bxc6 59. Rxc6 Rb3 60. Ke2 f4 61. Kf2 Kf5 62.
Rc5+ Kg4 0-1

[Event "Early-Titled-Tuesday-Blitz-February-20-2024"]
[Site "Chess.com"]
[Date "2024.02.20"]
[Round "9"]
[White "rquery98"]
[Black "FaustinoOro"]
[Result "0-1"]
[WhiteElo "2770"]
[BlackElo "2902"]
[TimeControl "180+1"]
[EndTime "9:48:15 PST"]
[Termination "FaustinoOro won on time"]

1. c4 e5 2. g3 Nf6 3. Bg2 c6 4. Nf3 e4 5. Nd4 d5 6. cxd5 Qxd5 7. e3 Bc5 8. d3 Qe5 9. dxe4 Nxe4 10. O-O O-O 11.
b3 Nf6 12. Bb2 Bg4 13. Qc2 Qe7 14. Nd2 Rd8 15. h3 Bc8 16. Nc4 Na6 17. a3 Bxd4 18. Bxd4 Be6 19. b4 Bd5 20. e4 Be6 21. Rad1 Nd7 22. Bb2 Nc7 23. Na5 Rab8 24. f4 f6 25. Rfe1 Nb6 26. Kh2 Nb5 27. e5 f5 28.
Qc1 Bd5 29. Bf1 Nc7 30. Bd4 Ne6 31. Bf2 Rbc8 32. Rd2 Na4 33. Qc2 Nb6 34. Nb3 Qf7 35. Nc5 Nxc5 36. Bxc5 Nc4 37. Bxc4 Bxc4 38. Red1 Bd5 39.
Qc3 b6 40. Bd6 h6 41. Qe3 Qe6 42. Qf2 Be4 43. Rc1 Rd7 44. Rd4 Rcd8 45. Rcd1 c5 46. bxc5 bxc5 47. Bxc5 Rxd4 48. Rxd4 Rc8 49. Rd1 Qb3 50.
Rc1 Qd3 51. Bd6 Rxc1 52. Qa2+ Kh7 0-1

[Event "Early-Titled-Tuesday-Blitz-February-20-2024"]
[Site "Chess.com"]
[Date "2024.02.20"]
[Round "9"]
[White "Journey_to_GrandMaster_YT"]
[Black "Joachim100x"]
[Result "0-1"]
[WhiteElo "2496"]
[BlackElo "2388"]
[TimeControl "180+1"]
[EndTime "9:48:16 PST"]
[Termination "Joachim100x won on time"]

1. d4 d5 2. Nf3 e6 3. e3 Nf6 4. Bd3 c5 5. O-O Nc6 6. b3 Bd6 7. Bb2 cxd4 8. exd4 Qc7 9. a3 O-O 10. Qe2 b6 11. Nbd2 Bb7 12. Ne5 Rac8 13. f4 Ne7 14.
Rac1 g6 15. Rf3 Nf5 16. g4 Ng7 17. Rh3 Qe7 18. Qe1 Bxe5 19. fxe5 Nxg4 20. Nf3 h5 21.
Rg3 Nf5 22. Bxf5 exf5 23. h3 f4 24. Rg2 Ne3 25. Rg5 Rxc2 26. Rxc2 Nxc2 27. Qh4 Re8 28. Qxf4 Nxa3 29. e6 Nb5 30. exf7+ Qxf7 31. Qg3 Re6 32. Ne5 Qg7 33. Nxg6 Nxd4 34. Ne7+ Kf8 35. Qf4+ Qf7 36.
Qxd4 Kxe7 37. Ba3+ Kd7 38. Rg7 Rg6+ 39. Rxg6 Qxg6+ 40. Kh2 Qc2+ 41. Kg1 Qb1+ 42. Kh2 Qc2+ 43. Kg1 Qb1+ 44. Kf2 Qc2+ 45. Ke1 Qe4+ 46. Qxe4 dxe4 47. Kf2 Ke6 48. Ke3 Kd5 49. Be7 Bc8 50. h4 a5 51. Bf8 b5 52. Be7 a4 53. bxa4 bxa4 54. Ba3 Bf5 55. Kf4 Bg4 56. Bb2 Bf3 0-1

[Event "Early-Titled-Tuesday-Blitz-February-20-2024"]
[Site "Chess.com"]
[Date "2024.02.20"]
[Round "9"]
[White "WiktoriaPOL"]
[Black "the-do0on"]
[Result "0-1"]
[WhiteElo "2271"]
[BlackElo "2070"]
[TimeControl "180+1"]
[EndTime "9:48:16 PST"]
[Termination "the-do0on won on time"]

1. c4 Nf6 2. Nc3 d6 3. g3 c6 4. Bg2 e5 5. e4 Be7 6. Nge2 O-O 7.
O-O Ne8 8. d3 f5 9. exf5 Bxf5 10.
d4 Nd7 11. Be3 Bf6 12. h3 exd4 13. Nxd4 Bxd4 14. Bxd4 c5 15. Be3 Ne5 16. f4 Nd3 17. g4 Nxb2 18. Qd5+ Kh8 19. gxf5 Nf6 20. Qxb7 Nxc4 21.
Qxa8 Qxa8 22. Bxa8 Nxe3 23. Rf3 Nc2 24. Rc1 Nd4 25.
Bb7 Rb8 26. Rb1 Nxf3+ 27. Bxf3 Rxb1+ 28. Nxb1 d5 29. Kf2 Kg8 30. Ke3 Kf7 31. Kd3 Ke7 32. Nc3 Kd6 33. Nb5+ Kc6 34. Nxa7+ Kb6 35. Nc8+ Kb5 36.
Ne7 d4 37. Bc6+ Kb6 38. Bd5 Kc7 39. Bc4 Kd6 40. Nc8+ Kc7 41. Be6 g6 42. fxg6 hxg6 43. Kc4 Kc6 44. Na7+ Kb7 45. Nb5 Kb6 46. a3 Ne8 47. a4 Ng7 48. Na3 Nxe6 49. Kd5 Nxf4+ 50.
Ke4 Nxh3 51. Nc4+ Kc6 52. Kd3 Nf4+ 53. Ke4 Ne2 54. a5 Nc3+ 55. Kd3 Kb5 56. Ne5 g5 0-1

[Event "Early-Titled-Tuesday-Blitz-February-20-2024"]
[Site "Chess.com"]
[Date "2024.02.20"]
[Round "9"]
[White "Bilan_Danila"]
[Black "MasterofMasters2006"]
[Result "1-0"]
[WhiteElo "2480"]
[BlackElo "2304"]
[TimeControl "180+1"]
[EndTime "9:48:18 PST"]
[Termination "Bilan_Danila won by checkmate"]

1. d4 Nf6 2. Nf3 d5 3. c4 c6 4.
Nc3 dxc4 5. a4 Bf5 6. e3 e6 7. Bxc4 Be7 8. O-O O-O 9. Qe2 Ne4 10. Bd3 Nxc3 11. bxc3 Bxd3 12. Qxd3 Nd7 13. Ba3 Bxa3 14. Rxa3 Nb6 15. a5 Nd5 16. c4 Nf6 17. Rb1 Rb8 18. c5 Qd5 19. Rab3 Ne4 20. Nd2 Nxd2 21. Qxd2 Rbd8 22.
Rxb7 Qxc5 23. dxc5 Rxd2 24. Rxa7 Rc2 25. g3 Rxc5 26.
Rbb7 g6 27. a6 Ra5 28. Rb6 c5 29. Rc7 Kg7 30. Rxe6 c4 31. Rb6 Ra4 32. Rbc6 Ra8 33. Rxc4 Rxc4 34. Rxc4 Rxa6 35. Kg2 Rf6 36. f4 Ra6 37.
Kf3 Ra2 38. h3 h5 39. g4 Rh2 40. Kg3 Re2 41. Re4 hxg4 42. hxg4 Re1 43. Kf3 Rf1+ 44. Kg2 Re1 45. g5 Ra1 46. Rc4 Ra2+ 47. Kf3 Ra1 48.
Rc7 Rb1 49. Ke4 Rb3 50. Rd7 Rb4+ 51. Ke5 Rb3 52. e4 Rb5+ 53. Rd5 Rb6 54. f5 gxf5 55. exf5 Rb2 56. Rd7 Re2+ 57. Kf4 Rf2+ 58. Kg4 Rg2+ 59. Kh4 Rf2 60. Kg4 Rg2+ 61. Kf4 Rf2+ 62. Ke4 Rg2 63. g6 Re2+ 64. Kf3 Re5 65. Rxf7+ Kh6 66. Kf4 Re1 67. Rh7# 1-0

[Event "Early-Titled-Tuesday-Blitz-February-20-2024"]
[Site "Chess.com"]
[Date "2024.02.20"]
[Round "9"]
[White "GeorgiosSouleidis"]
[Black "Juicy_Fork"]
[Result "0-1"]
[WhiteElo "2667"]
[BlackElo "2502"]
[TimeControl "180+1"]
[EndTime "9:48:21 PST"]
[Termination "Juicy_Fork won on time"]

1. e4 e5 2. Nf3 Nc6 3. Bc4 Nf6 4. d3 Bc5 5. a4 O-O 6. O-O h6 7. Be3 d6 8. h3 Be6 9. Bxe6 fxe6 10. Bxc5 dxc5 11.
Nbd2 Nh7 12. Nc4 Qf6 13. c3 Rad8 14. Qe2 Ng5 15. Nxg5 Qxg5 16. Rad1 Rf4 17. f3 Ne7 18. Kh2 Ng6 19. g3 Rf7 20. Qe3 Qe7 21. Rf2 Rdf8 22.
Rdf1 b6 23. f4 exf4 24. gxf4 Qh4 25. f5 exf5 26. exf5 Re7 27. Qg3 Qxg3+ 28. Kxg3 Ne5 29. Re2 Rfe8 30. Rfe1 Nc6 31. Rxe7 Rxe7 32. Rxe7 Nxe7 33. Kf4 Kf7 34. Ke5 g6 35. fxg6+ Nxg6+ 36. Kf5 Ne7+ 37. Kg4 Kf6 38. Kh5 Nf5 39. Nd2 Kg7 40. Ne4 Ne3 41.
Ng3 Nd1 42. Nf5+ Kf6 43. Nxh6 Nxb2 44. Ng4+ Kg7 45. Nf2 Nxa4 46. c4 Nb2 47. Kg4 a5 48.
Ne4 Nxd3 49. Kf5 Nb2 50. Nc3 a4 51. Ke6 a3 52. Kd7 Nxc4 53. Kxc7 b5 54. Kc6 b4 55.
Na2 b3 56. Nc3 a2 57. Kxc5 a1=Q 58. Kxc4 b2 0-1

[Event "Early-Titled-Tuesday-Blitz-February-20-2024"]
[Site "Chess.com"]
[Date "2024.02.20"]
[Round "9"]
[White "nicolasbatista3"]
[Black "Ezov"]
[Result "1/2-1/2"]
[WhiteElo "2387"]
[BlackElo "2173"]
[TimeControl "180+1"]
[EndTime "9:48:23 PST"]
[Termination "Game drawn - insufficient material"]

1. d4 d5 2. c4 c6 3. Nc3 Nf6 4. cxd5 cxd5 5. Bf4 a6 6. e3 e6 7. Nf3 Bd6 8. Ne5 O-O 9. Bd3 Nc6 10. Bg3 Nb4 11.
Bb1 Nc6 12. f4 Nd7 13. Qc2 g6 14. O-O Nb4 15. Qf2 Nf6 16. Bh4 Be7 17. a3 Nc6 18. Bg5 Ne8 19. Bh6 Ng7 20. g4 f6 21. Nf3 Bd7 22. Bd3 b5 23. Kh1 b4 24. axb4 Nxb4 25.
Bb1 Bb5 26. Rg1 Nd3 27. Qd2 Nb4 28. f5 Kf7 29. fxe6+ Nxe6 30. Bxf8 Qxf8 31. g5 fxg5 32. Ne5+ Kg8 33. Nxb5 axb5 34. Rxa8 Qxa8 35. Qf2 Qf8 36. Qxf8+ Bxf8 37. Nd3 Nc6 38. Rc1 Ne7 39. Ne5 Nf5 40.
Bxf5 gxf5 41. Rc8 Kg7 42. Rb8 f4 43. exf4 gxf4 44. Nc6 f3 45. Kg1 Kf6 46. Kf2 Bh6 47. Kxf3 Bg5 48. Rxb5 Bd2 49. Rxd5 Ng5+ 50. Ke2 Bc1 51. Rb5 Bf4 52. Kd3 Nf3 53. Ne5 Nxe5+ 54. dxe5+ Bxe5 55. Rxe5 Kxe5 56. Ke3 Kd5 57. Kf3 Kc4 58. Kg4 Kb3 59. Kh5 Kxb2 60. Kh6 Kc3 61. Kxh7 Kd4 62. h4 Ke5 63. h5 Kf6 64. Kh6 Kf7 65.
Kh7 Kf6 66. Kg8 Kg5 67. h6 Kxh6 1/2-1/2

[Event "Early-Titled-Tuesday-Blitz-February-20-2024"]
[Site "Chess.com"]
[Date "2024.02.20"]
[Round "9"]
[White "Preobrazhenska_D2011"]
[Black "Maxfan2008"]
[Result "1-0"]
[WhiteElo "2387"]
[BlackElo "2532"]
[TimeControl "180+1"]
[EndTime "9:48:24 PST"]
[Termination "Preobrazhenska_D2011 won by checkmate"]

1. e4 c5 2. Nf3 d6 3. d4 cxd4 4.
Nxd4 Nf6 5. Nc3 a6 6. Bg5 e6 7.
f4 Qb6 8. Qd2 Qxb2 9. Rb1 Qa3 10. e5 dxe5 11. fxe5 h6 12. Bh4 g5 13. exf6 gxh4 14. Ne4 Nd7 15. Bc4 Ne5 16. Bb3 h3 17.
gxh3 Bc5 18. Nxc5 Qxc5 19. Ke2 Bd7 20. a4 O-O-O 21. c3 Bc6 22. Rhf1 Rhg8 23. Rf2 Be4 24. Ra1 Nd3 25. Qe3 Nxf2 26. Kxf2 Rg2+ 27. Kf1 Rdg8 28. Qxe4 Rg1+ 29. Kf2 Rxa1 30. Bxe6+ Kb8 31. Bxf7 Rgg1 32. Bc4 Qa3 33. Qe8+ Ka7 34. Qe3 Qb2+ 35. Kf3 Raf1+ 36. Bxf1 Rxf1+ 37. Ke4 Qb6 38. a5 Qc5 39. Nc6+ Ka8 40. Qxc5 bxc6 41. Qf8+ Kb7 42. Qe7+ Kb8 43. Qd8+ Kb7 44.
Qd7+ Kb8 45. Qxc6 Re1+ 46. Kd5 Rd1+ 47. Kc5 Rb1 48. Qd6+ Kb7 49. Qd7+ Kb8 50. Kc6 Rb5 51. Qd8+ Ka7 52. Qc7+ Ka8 53. Qc8+ Ka7 54. Qe6 h5 55. Qf7+ Ka8 56. Qe8+ Ka7 57. f7 h4 58. Qe7+ Ka8 59.
f8=Q+ Rb8 60. Qb7# 1-0